 Dungeon Crawl Stone Soup version 0.25-a0-105-g2289b3b9f1 (console) character file.

Game seed: 7256375773216054039, levelgen mode: deterministic

2654 Kagalorn the Magician (level 9, 0/61 (66) HPs)
             Began as a Gnoll Ice Elementalist on Nov 16, 2019.
             Was a Believer of Cheibriados.
             Slain by a bullfrog (6 damage)
             ... on level 7 of the Dungeon.
             The game lasted 00:17:10 (6864 turns).

Kagalorn the Magician (Gnoll Ice Elementalist)      Turns: 6864, Time: 00:17:12

HP:   0/61 (66)     AC:  9    Str: 15    XL:     9   Next: 62%
MP:   19/19         EV: 15    Int: 26    God:    Cheibriados [**....]
Gold: 382           SH:  0    Dex: 21    Spells: 16/21 levels left

rFire    . . .     SeeInvis .   k - +3 flail
rCold    . . .     Gourm    .   f - +0 buckler
rNeg     . . .     Faith    .   v - +0 ring mail
rPois    .         Spirit   .   (no helmet)
rElec    .         Reflect  .   J - +1 cloak
rCorr    .         Harm     .   h - +0 pair of gloves
MR       .....                  (no boots)
Stlth    +.........             (no amulet)
HPRegen  0.20/turn              (no ring)
MPRegen  0.16/turn              s - ring of flight

@: confused, lethally poisoned (0 -> -1), very slow
A: distributed training, fangs 1, strong nose
a: Bend Time, Renounce Religion, Evoke Flight


You were on level 7 of the Dungeon.
You worshipped Cheibriados.
Cheibriados was pleased with you.
You were very hungry.

You visited 2 branches of the dungeon, and saw 9 of its levels.

You collected 382 gold pieces.

Inventory:

Hand Weapons
 d - a +0 war axe
 k - a +3 flail (weapon)
 m - a +0 rapier
Missiles
 b - 60 sling bullets
 g - 179 arrows
 i - 248 stones
 n - 61 bolts
 u - 3 poisoned darts (quivered)
 y - 14 javelins
 F - 7 atropa-tipped darts
Armour
 f - a +0 buckler (worn)
 h - a +0 pair of gloves (worn)
 v - a +0 ring mail (worn)
 z - +0 fire dragon scales
 E - a +0 plate armour
 J - a +1 cloak (worn)
Jewellery
 s - a ring of flight (right hand)
Wands
 a - a wand of iceblast (8)
 I - a wand of acid (9)
Scrolls
 e - 2 scrolls of fog {unknown}
 j - 4 scrolls of remove curse {unknown}
 o - 2 scrolls of enchant armour {unknown}
 p - 2 scrolls of enchant weapon {unknown}
 q - 2 scrolls of teleportation {unknown}
 r - 2 scrolls of magic mapping {unknown}
 w - 3 scrolls of fear {unknown}
 C - a scroll of amnesia {unknown}
 D - a scroll of immolation {unknown}
 G - a scroll of identify {unknown}
Potions
 l - 3 potions of haste {unknown}
 t - 3 potions of curing {unknown}
 x - a potion of degeneration {unknown}
 A - a potion of invisibility {unknown}
 B - 2 potions of brilliance {unknown}
 H - a potion of magic {unknown}
 K - a potion of resistance {unknown}
Comestibles
 c - 13 rations


   Skills:
 + Level 4.3 Fighting
 + Level 4.3 Short Blades
 + Level 4.3 Long Blades
 + Level 4.3 Axes
 + Level 4.3 Maces & Flails
 + Level 4.3 Polearms
 + Level 4.3 Staves
 + Level 4.3 Slings
 + Level 4.3 Bows
 + Level 4.3 Crossbows
 + Level 4.3 Throwing
 + Level 4.3 Armour
 + Level 6.4 Dodging
 + Level 6.1 Stealth
 + Level 4.3 Shields
 + Level 4.3 Unarmed Combat
 + Level 6.7 Spellcasting
 + Level 4.2 Conjurations
 + Level 3.5 Hexes
 + Level 3.5 Charms
 + Level 3.5 Summonings
 + Level 3.5 Necromancy
 + Level 3.5 Translocations
 + Level 3.5 Transmutations
 + Level 3.5 Fire Magic
 + Level 6.6 Ice Magic
 + Level 3.5 Air Magic
 + Level 3.5 Earth Magic
 + Level 3.5 Poison Magic
 + Level 4.8 Invocations
 + Level 4.3 Evocations


You had 16 spell levels left.
You knew the following spells:

 Your Spells              Type           Power        Failure   Level  Hunger
a - Freeze                Ice            ####         1%          1    None
b - Summon Ice Beast      Ice/Summ       #####...     14%         4    ###....

Your spell library contained the following spells:

 Spells                   Type           Power        Failure   Level  Hunger
 Throw Frost              Conj/Ice       #####.       1%          2    None
 Corona                   Hex            ####...      2%          1    None
 Slow                     Hex            ####....     4%          2    None
 Ozocubu's Armour         Chrm/Ice       #####...     4%          3    None
 Inner Flame              Hex/Fire       ####....     9%          3    None
 Portal Projectile        Hex/Tloc       ####..       9%          3    None
 Throw Icicle             Conj/Ice       #####...     13%         4    ###....
 Cause Fear               Hex            ####......   26%         4    ###....
 Leda's Liquefaction      Hex/Erth       ####......   26%         4    ###....


Dungeon Overview and Level Annotations

Branches:
Dungeon (8/15)             Temple (1/1) D:4
   Lair: D:8-11

Altars:
Ashenzari
Cheibriados
Dithmenos
Elyvilon
Fedhas
Hepliaklqana
Kikubaaqudgha
Makhleb
Nemelex Xobeh
Okawaru
Qazlal
Ru
Sif Muna
Trog
Uskayaw
Vehumet
Wu Jian
Yredelemnul
Zin
The Shining One


Innate Abilities, Weirdness & Mutations

Your experience applies equally to all skills.
You have very sharp teeth.
Your uncanny sense of smell can sniff out nearby items.


Message History

The yak closely misses you.
The orc wizard gestures wildly while chanting.
The orc wizard flickers and vanishes!
Deactivating autopickup; reactivate with Ctrl-A.
The bullfrog hits you but does no damage.
The killer bee stings you but does no damage.
You're too confused to move!
The killer bee stings you but does no damage.
The bullfrog hits you but does no damage.
The yak gores you but does no damage. Something hits you.
* * * LOW HITPOINT WARNING * * *
The killer bee barely misses you.
Unknown command.
You miss the bullfrog.
You feel sick. The bullfrog closely misses you. The killer bee stings you.
* * * LOW HITPOINT WARNING * * *
The yak misses you. Something hits you.
* * * LOW HITPOINT WARNING * * *
The bullfrog hits you.
You die...

#################
#......##.......#
#.####.##.#####.# ###
#.####.##{#####.# ##.##
#......[Y@F..##.######...#
#.##.#.##y##.#............
#.##.#.#.........#####...#
#......#.........# ##.##
#.####.#.........# ##.##
#......#.........# ###...#
######.#.........# #...#..
#.#.........# #.#....
#.#.........# #.###..


You could see a yak, a bullfrog and a killer bee.

Vanquished Creatures
  A hippogriff (D:6)
  Edmund (D:5)
  An ice beast (D:6)
  An orc warrior (D:6)
  A black bear (D:6)
  2 necrophages
  A centaur (D:5)
  3 ogres
  5 bullfrogs (D:6)
  2 scorpions
  A water moccasin skeleton (D:5)
  A killer bee (D:7)
  2 howler monkeys (D:7)
  2 crimson imps
  A centaur zombie (D:7)
  A jelly (D:5)
  A centaur skeleton (D:6)
  2 hounds
  An iguana (D:6)
  An orc wizard (D:7)
  5 worker ants
  A worker ant zombie (D:3)
  8 gnolls
  A howler monkey skeleton (D:4)
  14 adders
  A shadow imp (D:5)
  An ooze (D:1)
  An adder skeleton (D:4)
  3 worms
  2 dart slugs (D:1)
  4 leopard geckos
  5 orcs
  2 ball pythons
  7 giant cockroaches
  6 goblins
  12 hobgoblins
  7 jackals
  A quokka (D:7)
  9 bats
  8 frilled lizards
  4 kobolds
  A leopard gecko skeleton (D:6)
  11 rats
145 creatures vanquished.

Vanquished Creatures (collateral kills)
  3 yaks (D:7)
  A killer bee (D:7)
  A hound (D:7)
5 creatures vanquished.

Grand Total: 150 creatures vanquished

Notes
Turn   | Place    | Note
-------+----------+-------------------------------------------
     0 | D:1      | Kagalorn the Gnoll Ice Elementalist began the quest for the
                  | Orb.
     0 | D:1      | Reached XP level 1. HP: 13/13 MP: 6/6
   120 | D:1      | Reached XP level 2. HP: 19/19 MP: 3/7
   231 | D:1      | Reached XP level 3. HP: 25/25 MP: 1/9
   322 | D:1      | Reached skill level 5 in Spellcasting
   816 | D:2      | Reached skill level 1 in Invocations
  1117 | D:2      | Found a shattered altar of Ashenzari.
  1218 | D:2      | Reached skill level 1 in Fighting
  1218 | D:2      | Reached skill level 1 in Short Blades
  1218 | D:2      | Reached skill level 1 in Long Blades
  1218 | D:2      | Reached skill level 1 in Axes
  1218 | D:2      | Reached skill level 1 in Maces & Flails
  1218 | D:2      | Reached skill level 1 in Polearms
  1218 | D:2      | Reached skill level 1 in Staves
  1218 | D:2      | Reached skill level 1 in Slings
  1218 | D:2      | Reached skill level 1 in Bows
  1218 | D:2      | Reached skill level 1 in Crossbows
  1218 | D:2      | Reached skill level 1 in Throwing
  1218 | D:2      | Reached skill level 1 in Armour
  1218 | D:2      | Reached skill level 1 in Shields
  1218 | D:2      | Reached skill level 1 in Unarmed Combat
  1218 | D:2      | Reached skill level 1 in Evocations
  1218 | D:2      | Reached XP level 4. HP: 32/32 MP: 8/11
  1410 | D:2      | Reached skill level 1 in Hexes
  1410 | D:2      | Reached skill level 1 in Charms
  1410 | D:2      | Reached skill level 1 in Summonings
  1410 | D:2      | Reached skill level 1 in Necromancy
  1410 | D:2      | Reached skill level 1 in Translocations
  1410 | D:2      | Reached skill level 1 in Transmutations
  1410 | D:2      | Reached skill level 1 in Fire Magic
  1410 | D:2      | Reached skill level 1 in Air Magic
  1410 | D:2      | Reached skill level 1 in Earth Magic
  1410 | D:2      | Reached skill level 1 in Poison Magic
  1559 | D:2      | Found a faded altar of an unknown god.
  1813 | D:3      | Reached XP level 5. HP: 37/37 MP: 10/12
  1914 | D:2      | Found a bloodstained altar of Trog.
  1914 | D:2      | Found a glowing silver altar of Zin.
  2210 | D:3      | Found a faded altar of an unknown god.
  2210 | D:3      | Found a sacrificial altar of Ru.
  2216 | D:3      | Found a sparkling altar of Nemelex Xobeh.
  2218 | D:3      | Found a stormy altar of Qazlal.
  2219 | D:3      | Found a faded altar of an unknown god.
  2662 | D:4      | Learned a level 4 spell: Summon Ice Beast
  2831 | D:4      | Reached XP level 6. HP: 40/44 MP: 7/13
  3152 | D:4      | Found a staircase to the Ecumenical Temple.
  3283 | Temple   | Entered the Ecumenical Temple
  3324 | Temple   | Became a worshipper of Cheibriados the Contemplative
  3393 | D:5      | Entered Level 5 of the Dungeon
  3424 | D:5      | Reached skill level 5 in Dodging
  3494 | D:5      | Found an ancient bone altar of Kikubaaqudgha.
  3540 | D:5      | Reached XP level 7. HP: 32/50 MP: 12/15
  3896 | D:5      | Noticed Edmund
  3922 | D:5      | Killed Edmund
  3942 | D:5      | Reached * piety under Cheibriados
  4242 | D:5      | Reached skill level 5 in Stealth
  4455 | D:6      | Reached XP level 8. HP: 54/57 MP: 10/16
  4776 | D:6      | Noticed a hippogriff
  4785 | D:6      | Killed a hippogriff
  5022 | D:6      | Reached XP level 9. HP: 38/64 MP: 18/18
  5699 | D:7      | Reached ** piety under Cheibriados
  6864 | D:7      | Slain by a bullfrog

Levels and vault maps discovered:
D:1:      zaba_arrival_water, layout_loops_ring, chequers_big_river
D:2:      layout_basic, ashenzari_conservatory_becter,
          nicolae_overflow_hidden_temple, chequers_ecumenical_altar_lobes
D:3:      layout_loops_ring, chequers_temple_overflow_minitemple
D:4:      layout_basic, minmay_temple_entry_statues_pillars
D:5:      layout_loops_cross, nicolae_overflow_crystal_walls, first_ration,
          uniq_edmund
D:6:      minmay_cornered_nines, layout_basic, minmay_misc_feat_doors,
          nicolae_underground_beach
D:7:      layout_loops_cross
D:8:      layout_rooms, david_nohive_1, nicolae_looking_at_the_future
Temple:   nicolae_temple_god_jail

Skill      XL: |  1  2  3  4  5  6  7  8  9 |
---------------+----------------------------+-----
Conjurations   | 2 3 4 |  4.2
Spellcasting   | 5 6 |  6.7
Invocations    | 1 2 3 4 |  4.8
Fighting       | 1 2 3 4 |  4.3
Short Blades   | 1 2 3 4 |  4.3
Long Blades    | 1 2 3 4 |  4.3
Axes           | 1 2 3 4 |  4.3
Maces & Flails | 1 2 3 4 |  4.3
Polearms       | 1 2 3 4 |  4.3
Staves         | 1 2 3 4 |  4.3
Slings         | 1 2 3 4 |  4.3
Bows           | 1 2 3 4 |  4.3
Crossbows      | 1 2 3 4 |  4.3
Throwing       | 1 2 3 4 |  4.3
Armour         | 1 2 3 4 |  4.3
Shields        | 1 2 3 4 |  4.3
Unarmed Combat | 1 2 3 4 |  4.3
Evocations     | 1 2 3 4 |  4.3
Hexes          | 1 2 3 |  3.5
Charms         | 1 2 3 |  3.5
Summonings     | 1 2 3 |  3.5
Necromancy     | 1 2 3 |  3.5
Translocations | 1 2 3 |  3.5
Transmutations | 1 2 3 |  3.5
Fire Magic     | 1 2 3 |  3.5
Air Magic      | 1 2 3 |  3.5
Earth Magic    | 1 2 3 |  3.5
Poison Magic   | 1 2 3 |  3.5
Dodging        | 5 6 |  6.4
Stealth        | 5 6 |  6.1
Ice Magic      | 6 |  6.6

Action                   |  1- 3 |  4- 6 |  7- 9 || total
-------------------------+-------+-------+-------++-------
Melee: Unarmed           |     1 |       |       ||     1
       Whip              |    24 |       |       ||    24
       Bite              |     2 |    13 |    20 ||    35
       Flail             |       |   106 |   121 ||   227
       Punch             |       |       |     2 ||     2
Throw: Dart              |       |     2 |     1 ||     3
 Cast: Freeze            |    38 |    48 |    85 ||   171
       Summon Ice Beast  |       |       |     4 ||     4
Evoke: Wand              |       |       |     1 ||     1
 Stab: Sleeping          |     4 |    11 |     5 ||    20
  Eat: Chunk             |     1 |     7 |     5 ||    13
Armor: Robe              |     4 |    20 |     2 ||    26
       Ring mail         |       |       |    53 ||    53
       Fire dragon scale |       |       |     6 ||     6
Dodge: Dodged            |    30 |    95 |   202 ||   327
Block: Buckler           |       |       |    20 ||    20

Table legend:
 A = Non-vault XP
 B = Vault XP
 C = Vault XP percentage of total XP
 D = Non-vault monster count
 E = Vault monster count
 F = Vault count percentage of total count
                 A         B        C        D         E       F
            +---------+---------+-------+---------+---------+-------
      Total |    3012 |     780 |  20.6 |     144 |       6 |   4.0
            +---------+---------+-------+---------+---------+-------
        D:1 |      53 |       0 |   0.0 |      26 |       0 |   0.0
        D:2 |     109 |       0 |   0.0 |      29 |       0 |   0.0
        D:3 |      81 |       0 |   0.0 |      19 |       0 |   0.0
        D:4 |     141 |       0 |   0.0 |      11 |       0 |   0.0
        D:5 |     476 |     166 |  25.9 |      16 |       1 |   5.9
        D:6 |    1102 |     521 |  32.1 |      23 |       3 |  11.5
        D:7 |    1016 |      93 |   8.4 |      19 |       2 |   9.5
        D:8 |      34 |       0 |   0.0 |       1 |       0 |   0.0
            +---------+---------+-------+---------+---------+-------
